 Dungeon Crawl Stone Soup version 0.21.1-1-g345015f (webtiles) character file.

330 FRamirez the Chopper (level 6, 0/56 HPs)
             Began as a Minotaur Berserker on Mar 20, 2018.
             Was a Priest of Trog.
             Slain by an orc
             ... wielding a +0 mace
              (6 damage)
             ... on level 3 of the Dungeon.
             The game lasted 00:27:37 (2071 turns).

FRamirez the Chopper (Minotaur Berserker)           Turns: 2071, Time: 00:27:37

Health: 0/56       AC:  9    Str: 23    XL:     6   Next: 26%
Magic:  5/5        EV: 11    Int:  4    God:    Trog [***...]
Gold:   128        SH:  0    Dex: 10    Spells: 5/5 levels left

rFire    . . .     SeeInvis .   r - +1 war axe
rCold    . . .     Gourm    +   (no shield)
rNeg     . . .     Faith    .   j - +1 scale mail
rPois    .         Spirit   .   (helmet restricted)
rElec    .         Reflect  .   (no cloak)
rCorr    .         Harm     .   (no gloves)
MR       .....                  q - +0 pair of boots
Stlth    ..........             m - amulet of the gourmand
HPRegen  0.18/turn              p - ring of wizardry
MPRegen  0.09/turn              (no ring)

@: lethally poisoned (0 -> -10), berserk cooldown, slowed, very slow
A: retaliatory headbutt, horns 2
a: Berserk, Trog's Hand, Burn Spellbooks, Renounce Religion


You were on level 3 of the Dungeon.
You worshipped Trog.
Trog was most pleased with you.
You were full.

You visited 1 branch of the dungeon, and saw 4 of its levels.

You collected 128 gold pieces.

Inventory:

Hand Weapons
 a - a +0 flail
 r - a +1 war axe (weapon)
Armour
 j - a +1 scale mail (worn)
 q - a +0 pair of boots (worn)
Jewellery
 m - an amulet of the gourmand (around neck)
 p - a ring of wizardry (left hand)
Scrolls
 b - a scroll of magic mapping
 d - a scroll of enchant weapon
 f - 2 scrolls of enchant armour
 l - 2 scrolls of teleportation
 o - a scroll of blinking
Potions
 e - a potion of agility
 g - a potion of berserk rage
 h - a potion of mutation
 i - a potion of resistance
 s - a potion of curing
Comestibles
 c - 6 rations


   Skills:
 + Level 5.2 Fighting
 + Level 5.7 Axes
 + Level 4.3 Armour
 + Level 3.3 Dodging
 + Level 1.1 Stealth


You had 5 spell levels left.
You didn't know any spells.

Dungeon Overview and Level Annotations

Branches:
Dungeon (4/15)
 Temple: D:4-7

Altars:
Cheibriados
Nemelex Xobeh
Trog
Xom
Zin


Innate Abilities, Weirdness & Mutations

You reflexively headbutt those who attack you in melee.
You have a pair of horns on your head.


Message History

You are exhausted.
You feel yourself slow down.
You feel sick. The orc hits you but does no damage.
You climb upwards.
You feel very sick.
There is a stone staircase leading down here.
You barely miss the orc. You slash the gnoll!
You feel sick. The gnoll hits you.
* * * LOW HITPOINT WARNING * * *
The orc barely misses you. The gnoll closely misses you.
You barely miss the orc. You hit the gnoll.
* * * LOW HITPOINT WARNING * * *
You feel sick. The gnoll hits you.
* * * LOW HITPOINT WARNING * * *
The orc hits you but does no damage. The gnoll barely misses you.
You furiously retaliate!
You headbutt the gnoll.
You kill the gnoll!
Trog accepts your kill. The orc hits you with a mace.
You die...

####.#.#### #.##......#
#....#....#####.#######.#
#.#######....#...## #.#
#....#....##.)#.#.### #.#
####.#.####.........# #.#
#.#.# ##......#.# #.#
#...# #........# #.#
##...## #...o....# #.#
#####)###.####..@.....#
#.# #....##
##.(###....##.# #.#
#.#.## ##.# #.....#.###.#
#.#.# #.# #####.#...#.#
#)#.## ##.# #.###.#.#
#.##.## ##..# #.# #.#.#
...>..###.#.# #.# #.#.#
#.####...##.#######.#
#.#.#
#.#####...........#.#
#.#.#


You could see an orc.

Vanquished Creatures
  Edmund (D:4)
  A bullfrog skeleton (D:4)
  8 gnolls
  3 adders
  A worm (D:2)
  A dart slug (D:2)
  2 leopard geckos
  7 orcs
  13 giant cockroaches
  6 goblins
  7 hobgoblins
  3 jackals (D:2)
  A ball python (D:3)
  4 bats
  2 frilled lizards
  5 kobolds
  4 rats
69 creatures vanquished.

Notes
Turn   | Place    | Note
-------+----------+-------------------------------------------
     0 | D:1      | FRamirez the Minotaur Berserker began the quest for the Orb.
     0 | D:1      | Reached XP level 1. HP: 19/19 MP: 0/0
   181 | D:1      | Reached XP level 2. HP: 26/27 MP: 1/1
   426 | D:2      | Found a shadowy altar of Dithmenos.
   428 | D:2      | Found a sparkling altar of Nemelex Xobeh.
   428 | D:2      | Found a bloodstained altar of Trog.
   430 | D:2      | Found a shimmering altar of Xom.
   430 | D:2      | Found a snail-covered altar of Cheibriados.
   430 | D:2      | Found a glowing silver altar of Zin.
   459 | D:2      | Reached XP level 3. HP: 27/33 MP: 2/2
   489 | D:2      | Reached ** piety under Trog
   800 | D:2      | Found a faded altar of an unknown god.
   824 | D:2      | Reached XP level 4. HP: 23/41 MP: 3/3
  1731 | D:3      | Reached *** piety under Trog
  1881 | D:3      | Reached XP level 5. HP: 39/47 MP: 4/4
  1904 | D:3      | Reached skill level 1 in Stealth
  2055 | D:4      | Noticed Edmund
  2061 | D:4      | Reached skill level 5 in Fighting
  2061 | D:4      | Reached skill level 5 in Axes
  2066 | D:4      | Killed Edmund
  2066 | D:4      | Reached XP level 6. HP: 35/56 MP: 5/5
  2071 | D:3      | Slain by an orc

Skill      XL: |  1  2  3  4  5 |
---------------+----------------+-----
Axes           | 4 5 |  5.7
Fighting       | 4 5 |  5.2
Armour         | 3 4 |  4.3
Stealth        | 1 |  1.1
Dodging        | 3 |  3.3

Action                   |  1- 3 |  4- 6 || total
-------------------------+-------+-------++-------
Melee: Hand axe          |   102 |    26 ||   128
       Headbutt          |    13 |     4 ||    17
       War axe           |       |    32 ||    32
Invok: Berserk           |     1 |     1 ||     2
  Use: Scroll            |       |    11 ||    11
       Potion            |       |     1 ||     1
  Eat: Chunk             |     5 |    10 ||    15
Armor: Ring mail         |    12 |       ||    12
       Scale mail        |    38 |    18 ||    56
Dodge: Dodged            |    76 |    38 ||   114
